AoeStats
← RedJenga7

Pilgrims

507579486Analyzed
3v3 RM · 13d ago on Sep 18, 2026· 52m 14s· 6 players
Game mode
Random Map
Map size
Normal (6 player)
Population
200
Speed
Normal
Resources
Standard
Victory
Conquest
Starting age
Dark Age
Ending age
Imperial Age
RankedLock teamsTeams togetherTeam positionsShared explorationLock speedFull tech treeHidden civsTurbo modeCheats
Victory
Defeat
🇿🇦 Persians · South Africa
1174
+16
🇮🇹 Aztecs · Italy
1115
+19
🇮🇹 Armenians · Italy
1104
+18
🇨🇴 Bulgarians · Colombia
1173
-18
🇬🇧 Italians · United Kingdom
1166
-18
🇺🇸 Spanish · United States
1140
-17
Haxte
7:44 Loom
13:33 Feudal Age
14:42 Horse Collar
15:09 Double-Bit Axe
20:47 Castle Age
18:45 Fishing Lines
21:56 Gold Mining
22:06 Heavy Plow
22:18 Bow Saw
27:33 Padded Archer Armor
32:01 Stone Mining
33:20 Gillnets
34:35 Wheelbarrow
33:49 Town Watch
36:25 Hand Cart
36:22 Bloodlines
37:42 Husbandry
40:41 Leather Archer Armor
43:45 Imperial Age
45:28 Ring Archer Armor
46:10 Two-Man Saw
45:37 Light Cavalry
47:14 Conscription
46:14 Elite Conquistador
48:25 Scale Barding Armor
48:31 Forging
49:20 Murder Holes
50:26 Chemistry
49:47 Ballistics
48:57 Pikeman
49:38 Squires
49:38 Halberdier
50:55 Iron Casting
50:21 Scale Mail Armor
Rogfin
6:08 Loom
10:32 Feudal Age
11:44 Fishing Lines
13:17 Double-Bit Axe
16:27 Castle Age
14:42 Gold Mining
14:44 Arson
15:31 Forging
16:17 Bloodlines
17:46 Wheelbarrow
23:46 Iron Casting
24:48 Scale Barding Armor
31:18 Hand Cart
31:15 Horse Collar
31:46 Bow Saw
31:30 Gillnets
32:03 Chain Barding Armor
36:39 Imperial Age
35:17 Squires
36:09 Husbandry
36:45 Scale Mail Armor
37:27 Chain Mail Armor
37:17 Stirrups
38:17 Gold Shaft Mining
41:02 Blast Furnace
40:33 Heavy Plow
41:16 Plate Barding Armor
43:46 Plate Mail Armor
45:15 Crop Rotation
44:17 Elite Konnik
RedJenga7
14:22 Feudal Age
14:34 Loom
17:44 Forging
20:48 Fletching
20:58 Padded Archer Armor
24:14 Castle Age
25:11 Medium Warships
27:18 Husbandry
27:29 Bloodlines
28:17 Iron Casting
27:48 Scale Barding Armor
30:01 Light Cavalry
31:35 Horse Collar
35:35 Gold Mining
37:19 Chain Barding Armor
38:47 Pikeman
39:28 Squires
39:15 Arson
41:49 Crossbowman
42:53 Thumb Ring
44:23 Double-Bit Axe
45:00 Bodkin Arrow
45:21 Leather Archer Armor
49:37 Imperial Age
47:17 Caravan
47:18 Scale Mail Armor
50:07 Arbalester
51:32 Bracer
52:31 Wheelbarrow
Options1986
4:31 Loom
14:12 Feudal Age
16:37 Man-at-Arms
39:38 Castle Age
45:23 Horse Collar
45:32 Double-Bit Axe
45:39 Gold Mining
46:07 Stone Mining
49:38 Wheelbarrow
mattinstat
5:00 Loom
12:42 Feudal Age
13:42 Fishing Lines
14:51 Scale Mail Armor
15:02 Forging
16:07 Wheelbarrow
17:06 Town Watch
17:18 Arson
20:15 Castle Age
19:05 Arson
20:19 Eagle Warrior
21:01 Squires
21:22 Chain Mail Armor
25:33 Horse Collar
28:46 Gold Mining
30:06 Hand Cart
30:47 Stone Mining
32:13 Iron Casting
32:21 Double-Bit Axe
34:40 Elite Skirmisher
35:14 Fletching
39:07 Imperial Age
39:27 Elite Eagle Warrior
42:21 Heavy Plow
43:02 Plate Mail Armor
43:20 Gold Shaft Mining
43:27 Town Patrol
44:29 Conscription
45:34 Garland Wars
46:33 Conscription
50:33 Blast Furnace
49:28 Bodkin Arrow
Uhtred
8:55 Loom
11:12 Feudal Age
18:03 Castle Age
16:54 Scale Barding Armor
17:00 Forging
17:25 Bloodlines
23:15 Husbandry
26:18 Horse Collar
26:32 Double-Bit Axe
28:24 Wheelbarrow
29:04 Town Watch
30:34 Heavy Plow
34:45 Imperial Age
32:58 Chain Barding Armor
33:20 Iron Casting
34:28 Bow Saw
34:21 Cavalier
35:53 Plate Barding Armor
38:19 Hand Cart
40:29 Blast Furnace
42:40 Two-Man Saw
41:55 Savar
42:51 Fletching
43:01 Padded Archer Armor
49:47 Light Cavalry
50:48 Bodkin Arrow
51:09 Leather Archer Armor
51:54 Conscription
Connection lost

Rejoining the realm…

Still unreachable

The connection could not be restored.

Session expired

The server has moved on; the page needs a fresh start.